 Dungeon Crawl Stone Soup version 0.17-a0-1945-gfe993df (webtiles) character file.

144816 Ijustatesigmund the Commander (level 17, -1/162 HPs)
             Began as a Hill Orc Fighter on Sept 30, 2015.
             Was a High Priest of Okawaru.
             Shot with a bolt of frost by a naga sharpshooter (14 damage)
             ... led by Vashnia
             ... on level 4 of the Snake Pit.
             The game lasted 02:43:56 (32427 turns).

Ijustatesigmund the Commander (Hill Orc Fighter)   Turns: 32427, Time: 02:43:57

Health: -1/162     AC: 28    Str: 21    XL:     17   Next: 40%
Magic:  30/30      EV:  6    Int:  8    God:    Okawaru [*****.]
Gold:   2170       SH: 11    Dex: 17    Spells: 0 memorised, 16 levels left

rFire  . . .     SeeInvis +     a - +7 war axe (flame)
rCold  + + .     Clarity  .     s - +1 plate armour {rPois}
rNeg   . . .     SustAt   .     l - +0 shield
rPois  +         Gourm    .     g - +2 helmet
rElec  .         Spirit   .     U - +2 cloak {MR+}
rCorr  .         Warding  .     M - +0 pair of gloves
rMut   .         Stasis   .     O - +2 pair of boots {run}
MR     ++...                    P - amulet of regeneration
Stlth  ..........               v - ring of see invisible
                                i - ring of protection from cold

@: finesse, constricted, quick, very resistant to hostile enchantments,
extremely unstealthy
A: agile 1, cold resistance 1
a: Heroism, Finesse, Renounce Religion


You were on level 4 of the Snake Pit.
You worshipped Okawaru.
Okawaru was extremely pleased with you.
You were not hungry.

You visited 6 branches of the dungeon, and saw 34 of its levels.
You also visited: Sewer.

You collected 2970 gold pieces.
You spent 800 gold pieces at shops.

Inventory:

Hand weapons
 a - a +7 war axe of flaming (weapon)
 r - a +3 war axe of holy wrath
 u - a +0 blowgun
 w - a +5 executioner's axe of draining
 N - a +3 war axe of freezing
 S - a +2 morningstar
Missiles
 K - 13 curare-tipped needles
Armour
 g - a +2 helmet (worn)
 j - a +2 cloak of invisibility
 l - a +0 shield (worn)
 s - a +1 plate armour of poison resistance (worn)
 F - the +1 pair of boots "Deic" {Str+4 Stlth+}
   (Okawaru gifted it to you on level 2 of the Snake Pit)

   It affects your strength (+4).
   It makes you more stealthy.
 M - a +0 pair of gloves (worn)
 O - a +2 pair of boots of running (worn)
 U - a +2 cloak of magic resistance (worn)
Jewellery
 c - an uncursed amulet of guardian spirit
 d - an uncursed amulet of clarity
 h - an uncursed ring of poison resistance
 i - a ring of protection from cold (left hand)
 v - a ring of see invisible (right hand)
 P - an amulet of regeneration (around neck)
Magical devices
 o - a wand of disintegration (4)
 p - a wand of flame (30)
 E - a wand of enslavement (6)
 H - a wand of magic darts (22)
 I - a wand of digging (8)
 J - a wand of cold (0)
 W - a wand of disintegration (8)
Scrolls
 n - 2 scrolls of recharging
 x - a scroll of amnesia
 y - 2 scrolls of identify
 A - 10 scrolls of remove curse
 D - 7 scrolls of fog
 Q - 4 scrolls of teleportation
Potions
 b - 4 potions of flight
 m - a potion of cancellation
 q - 2 potions of mutation
 B - 3 potions of brilliance
 C - 5 potions of magic
 Y - 4 potions of curing
Books
 G - a book of Debilitation

   Spells                             Type                      Level
   a - Corona                         Hexes                        1
   b - Slow                           Hexes                        2
   c - Gell's Gravitas                Hexes/Translocation          3
   d - Inner Flame                    Hexes/Fire                   3
   e - Cause Fear                     Hexes                        4
   f - Leda's Liquefaction            Hexes/Earth                  4
 V - a book of Changes

   Spells                             Type                      Level
   a - Beastly Appendage              Transmutation                1
   b - Sticks to Snakes               Transmutation                2
   c - Spider Form                    Transmutation/Poison         3
   d - Ice Form                       Ice/Transmutation            4
   e - Blade Hands                    Transmutation                5
Miscellaneous
 f - a lamp of fire
Comestibles
 e - 11 bread rations
 t - 6 meat rations
 z - 16 fruits
 T - 2 slices of pizza


   Skills:
 + Level 17.5 Fighting
 + Level 18.9 Axes
 - Level 1.1 Throwing
 + Level 12.2 Armour
 - Level 7.1 Dodging
 - Level 7.5 Shields
 - Level 19.0 Invocations
 - Level 5.2 Evocations


You had 16 spell levels left.
You didn't know any spells.

Dungeon Overview and Level Annotations

Branches:
Dungeon (15/15)            Temple (1/1) D:6            Lair (7/8) D:8
 Shoals (0/4) Lair:5        Snake (4/4) Lair:5          Orc (4/4) D:10
    Elf (0/3) Orc:3        Vaults (0/5) D:13         Depths (3/5) D:15
  Slime: Lair:6-8

Altars:
Cheibriados
Dithmenos
Elyvilon
Fedhas
Gozag
Kikubaaqudgha
Makhleb
Nemelex Xobeh
Okawaru
Qazlal
Ru
Sif Muna
Trog
Vehumet
Xom
Yredelemnul
Zin
The Shining One

Shops:
D:4 =   D:5 (   D:8 (   D:13 =   Orc:4 =:[*[   Snake:1 (

Portals:
Hell: Depths:1 Depths:2

Annotations:
D:6 1 runed door
Snake:4 Vashnia


Innate Abilities, Weirdness & Mutations

You are agile. (Dex +2)
Your flesh is cold resistant.


Message History

Okay, then.
Drink which item? (? for menu, Esc to quit)
Okay, then.
Evoke which item? (* to show all) (? for menu, Esc to quit)
Okay, then.
You hit the greater naga. You burn the greater naga.
The greater naga is lightly wounded.
You hit the naga mage but do no damage. The naga mage hits you with a halberd!
* * * LOW HITPOINT WARNING * * *
You closely miss the greater naga.
The greater naga is lightly wounded.
Your shield and plate armour prevent you from hitting the naga mage.
You feel sick.
The greater naga hits you but does no damage.
The greater naga constricts you.
Drink which item? (? for menu, Esc to quit)
You feel better. The naga mage closely misses you.
The naga sharpshooter shoots a bolt of frost.
The bolt of frost hits you!
You die...

***** **,,, *,,.# *,,,, *,,.##
*,,,, *,,..# *******,,≈, **,..#
**,,,,,,,,≈≈
#####*,..##*,,*,,,,,,,≈
###...###..$.,.**,,,*,,≈,
#.....##..#,...,,,,,*,,≈≈
#####(.(.(.N@#....#*,,***,,,≈
***##.......#..(.N......,** *,,≈,
..##.....)........###..#** *,*≈≈
..(...†(().......N#**,** ******,≈
...#...###.....##...,,,***,,,*,,,
..,##### #.N...#*.##..,**,,,,,,*,
.,**,,,**#........#*,..,*,,,,,,,,
,,,,,,,,...N##...##**,.,*,,,*,,,,
,*,,,,,,###.####.,,**,,,**,,,,,,,


You could see 2 greater nagas, a naga sharpshooter and 2 naga magi.

Vanquished Creatures
  A lich (Depths:1)
  Rupert (Lair:7)
  5 greater nagas
  Aizul (Snake:1)
  Louise (Snake:2)
  2 fire dragons (Depths:2)
  Josephine (D:12)
  A rakshasa (D:13)
  2 ice dragons (Depths:1)
  A yaktaur captain (D:15)
  4 hydras
  4 vault guards (D:13)
  Erolcha (D:9)
  9 naga warriors
  A centaur warrior (D:15)
  4 ogre magi (Orc:4)
  3 tengu warriors
  8 anacondas
  7 death yaks
  8 naga sharpshooters
  9 shock serpents
  2 wizards
  2 salamander mystics
  5 naga ritualists
  2 unseen horrors
  4 hill giants
  3 mana vipers
  2 orc sorcerers
  2 orc knights
  7 ugly things
  24 black mambas
  2 cyclopes
  4 salamanders
  2 manticores (D:13)
  4 elephants (Lair:7)
  13 naga magi
  8 guardian serpents
  9 spiny frogs
  A siren (Lair:5)
  Psyche (D:9)
  2 centaur zombies (D:15)
  2 gargoyles
  A torpor snail (Lair:4)
  A spiny frog (shapeshifter) (Depths:1)
  3 komodo dragons
  A kobold demonologist (D:12)
  3 fire drakes
  A freezing wraith (D:14)
  A yaktaur (D:15)
  A merfolk (Lair:5)
  A tengu conjurer (D:15)
  2 spriggan druids (Lair:7)
  A hornet zombie (D:14)
  3 boulder beetles
  5 trolls
  6 slime creatures
  17 two-headed ogres
  13 blink frogs
  3 shadows
  43 yaks
  A redback (Depths:1)
  A hog (shapeshifter) (D:15)
  3 wyverns
  2 basilisks
  2 killer bees
  13 spriggans
  A water elemental (D:15)
  3 wraiths (D:12)
  A hippogriff (shapeshifter) (D:13)
  14 hippogriffs
  A hog (D:12)
  4 hungry ghosts
  A human (D:12)
  7 wargs
  38 nagas
  3 mottled dragons
  A soldier ant (D:13)
  19 water moccasins
  A black bear (D:7)
  Purgy (Sewer)
  2 phantoms
  13 porcupines
  4 wasps
  20 orc warriors
  2 eyes of draining
  8 centaurs
  6 boggarts
  36 ogres
  3 big kobolds
  20 giant frogs
  16 crocodiles
  A brain worm (D:15)
  A wyvern zombie (D:13)
  A wyvern skeleton (D:14)
  4 scorpions
  18 wights
  5 electric eels
  3 centaur skeletons
  A giant frog zombie (D:11)
  12 hounds
  6 crimson imps
  A human zombie (D:6)
  Ijyb (D:2)
  10 iguanas
  13 jellies
  30 orc wizards
  9 worker ants
  23 orc priests
  A giant frog skeleton (D:13)
  2 quasits
  35 sheep
  A killer bee zombie (D:6)
  3 hound zombies
  9 gnolls
  60 river rats
  21 adders
  4 shadow imps
  14 oozes (Lair:4)
  An adder skeleton (D:7)
  5 worms
  201 orcs
  12 bats
  5 giant cockroaches
  7 goblins
  6 hobgoblins
  11 jackals
  26 kobolds
  5 quokkas
  5 ball pythons
  9 giant geckos
  12 giant newts
  2 quokka skeletons
  A quokka zombie (D:5)
  8 rats
  6 fungi
  A plant (Lair:7)
1140 creatures vanquished.

Vanquished Creatures (collateral kills)
  An orc warrior (D:10)
  5 killer bees
  A giant frog zombie (D:7)
7 creatures vanquished.

Vanquished Creatures (others)
  Nikola (Snake:2)
  A spriggan druid (Lair:7)
  A killer bee (D:10)
  A naga (Snake:4)
  A crocodile (Lair:1)
  An orc (Orc:3)
  4 fungi (Lair:4)
  15 plants
25 creatures vanquished.

Grand Total: 1172 creatures vanquished

Notes
Turn   | Place    | Note
--------------------------------------------------------------
     0 | D:1      | Ijustatesigmund the Hill Orc Fighter began the quest for the Orb.
     0 | D:1      | Reached XP level 1. HP: 19/19 MP: 1/1
    96 | D:1      | Reached XP level 2. HP: 19/26 MP: 2/2
   777 | D:1      | Reached XP level 3. HP: 33/33 MP: 3/3
  1061 | D:1      | Reached skill level 4 in Axes
  1064 | D:2      | Noticed Ijyb
  1130 | D:2      | Killed Ijyb
  1130 | D:2      | Reached XP level 4. HP: 18/40 MP: 4/4
  1907 | D:3      | Reached skill level 5 in Axes
  1907 | D:3      | Reached XP level 5. HP: 36/46 MP: 5/5
  2672 | D:3      | Reached skill level 6 in Axes
  2672 | D:3      | Reached XP level 6. HP: 46/53 MP: 6/6
  2970 | D:4      | HP: 2/55 [orc priest/divine providence (12)]
  2973 | D:4      | Reached skill level 5 in Fighting
  3305 | D:4      | Reached skill level 1 in Throwing
  3485 | D:4      | Found Juafub's Jewellery Shoppe.
  3579 | D:4      | Reached skill level 7 in Axes
  3788 | D:5      | Entered Level 5 of the Dungeon
  3797 | D:5      | Found Zonofobe's Weapon Shoppe.
  3975 | D:5      | Reached XP level 7. HP: 27/61 MP: 7/7
  4517 | D:5      | Reached skill level 5 in Armour
  5008 | D:5      | Reached skill level 8 in Axes
  5161 | D:6      | Found a glowing drain.
  5171 | Sewer    | Entered a sewer
  5194 | Sewer    | Noticed Purgy
  5205 | Sewer    | Killed Purgy
  5205 | Sewer    | Reached XP level 8. HP: 57/70 MP: 8/8
  5429 | D:6      | Found a runed door.
  5429 | D:6      | Noticed a human
  5442 | D:6      | Found a basalt altar of Yredelemnul.
  5516 | D:6      | Reached skill level 9 in Axes
  5794 | D:6      | Found a staircase to the Ecumenical Temple.
  5808 | Temple   | Entered the Ecumenical Temple
  6484 | D:7      | Reached skill level 10 in Axes
  6484 | D:7      | Reached XP level 9. HP: 78/78 MP: 9/9
  6714 | D:7      | Found a stormy altar of Qazlal.
  6716 | D:7      | Found a snail-covered altar of Cheibriados.
  6716 | D:7      | Found an iron altar of Okawaru.
  6738 | D:7      | Became a worshipper of Warmaster Okawaru
  6859 | D:7      | Reached skill level 1 in Invocations
  7318 | D:7      | Acquired Okawaru's first power
  7318 | D:7      | Reached skill level 11 in Axes
  7805 | D:7      | Found a radiant altar of Vehumet.
  7806 | D:7      | Found a sparkling altar of Nemelex Xobeh.
  8229 | D:8      | Reached XP level 10. HP: 83/88 MP: 11/13
  8445 | D:8      | Found a staircase to the Lair.
  8445 | D:8      | Noticed a komodo dragon
  8468 | D:8      | Killed a komodo dragon
  8854 | D:8      | Found Etiat's Weapon Shop.
  8883 | D:8      | Found an opulent altar of Gozag.
  9127 | Lair:1   | Entered Level 1 of the Lair of Beasts
  9176 | D:8      | Reached skill level 10 in Armour
  9176 | D:8      | Reached skill level 5 in Invocations
  9425 | D:9      | Noticed Erolcha
  9726 | D:9      | Killed Erolcha
  9781 | D:9      | Noticed Psyche
  9817 | D:9      | Reached skill level 12 in Axes
  9847 | D:9      | Killed Psyche
  9998 | D:9      | Reached XP level 11. HP: 79/97 MP: 14/16
 10227 | D:10     | Entered Level 10 of the Dungeon
 10270 | D:10     | Reached skill level 1 in Evocations
 10303 | D:10     | Noticed a hill giant
 10307 | D:10     | Received a gift from Okawaru
 10333 | D:10     | Found a staircase to the Orcish Mines.
 10341 | Orc:1    | Entered Level 1 of the Orcish Mines
 11177 | D:9      | Reached skill level 10 in Fighting
 11657 | D:11     | Killed a hill giant
 12206 | D:10     | Reached skill level 13 in Axes
 13053 | D:11     | Acquired Okawaru's second power
 13395 | D:12     | Noticed Josephine
 13399 | D:12     | Reached XP level 12. HP: 105/110 MP: 19/19
 13408 | D:12     | Killed Josephine
 13408 | D:12     | Reached skill level 10 in Invocations
 13679 | D:12     | Reached skill level 14 in Axes
 13976 | D:13     | Received a gift from Okawaru
 14057 | D:13     | Noticed a tengu warrior
 14059 | D:13     | Noticed a tengu warrior
 14071 | D:13     | Killed a tengu warrior
 14076 | D:13     | Killed a tengu warrior
 14084 | D:13     | Reached skill level 5 in Shields
 14108 | D:13     | Identified a scroll of acquirement
 14117 | D:13     | Identified a +0 pair of boots of running (You acquired it on level 13 of the Dungeon)
 14196 | D:13     | Found a gate to the Vaults.
 14196 | D:13     | Noticed a six-headed hydra
 14196 | D:13     | Noticed a vault guard
 14196 | D:13     | Noticed a vault guard
 14196 | D:13     | Noticed a vault guard
 14218 | D:13     | Received a gift from Okawaru
 15009 | Lair:2   | Reached skill level 5 in Evocations
 15096 | Lair:2   | Reached XP level 13. HP: 119/119 MP: 21/21
 16159 | Lair:4   | Received a gift from Okawaru
 16553 | Lair:3   | Got an ebony rapier
 16578 | Lair:3   | Identified the cursed +1 rapier "Impbane" {pierce, rF+ Int+3} (You found it on level 3 of the Lair of Beasts)
 17082 | Lair:4   | Received a gift from Okawaru
 18117 | Lair:5   | Found a staircase to the Snake Pit.
 18326 | Lair:4   | Reached skill level 15 in Axes
 18708 | Lair:5   | Found a staircase to the Shoals.
 19023 | Lair:6   | Reached XP level 14. HP: 117/132 MP: 24/24
 19026 | Lair:6   | Upgraded the game from 0.17-a0-1942-g46ae386 to 0.17-a0-1945-gfe993df
 19527 | Lair:6   | Reached skill level 1 in Dodging
 20229 | Lair:7   | Received a gift from Okawaru
 20370 | Lair:7   | Noticed Rupert
 20397 | Lair:7   | Killed Rupert
 20667 | Lair:7   | Received a gift from Okawaru
 20833 | Lair:7   | Reached skill level 16 in Axes
 21143 | Lair:7   | Noticed Maud
 22159 | Orc:3    | Found a staircase to the Elven Halls.
 22354 | Orc:2    | Reached skill level 15 in Invocations
 22412 | Orc:3    | Paralysed by an orc sorcerer for 4 turns
 22511 | Orc:3    | Reached skill level 15 in Fighting
 22992 | Orc:4    | Entered Level 4 of the Orcish Mines
 23071 | Orc:4    | Found Bodamn's Jewellery Shop.
 23598 | Orc:4    | Reached XP level 15. HP: 141/141 MP: 22/26
 23627 | Orc:4    | Received a gift from Okawaru
 23660 | Orc:4    | Found Zavvaczuu's Assorted Antiques.
 23660 | Orc:4    | Found Jatanito's Book Shop.
 23664 | Orc:4    | Found Oximo's Antique Armour Shoppe.
 23664 | Orc:4    | Found Vikapt's Armour Boutique.
 23723 | Orc:4    | Bought a glowing plate armour for 552 gold pieces
 23723 | Orc:4    | Bought a runed helmet for 108 gold pieces
 23723 | Orc:4    | Bought an embroidered cloak for 108 gold pieces
 24101 | D:13     | Noticed a rakshasa
 24101 | D:13     | Reached skill level 5 in Dodging
 24123 | D:13     | Killed a rakshasa
 24131 | D:13     | Killed a rakshasa
 24132 | D:13     | Killed a rakshasa
 24267 | D:13     | Killed a vault guard
 24375 | D:13     | Killed a four-headed hydra
 24378 | D:13     | Noticed a vault guard
 24382 | D:13     | Killed a vault guard
 24397 | D:13     | Killed a vault guard
 24397 | D:13     | Reached skill level 17 in Axes
 24402 | D:13     | Killed a vault guard
 24650 | D:13     | Found Caohuam's Jewellery Emporium.
 24653 | D:13     | Bought a cursed -4 ring of strength for 32 gold pieces
 24796 | D:13     | Received a gift from Okawaru
 25412 | D:15     | Entered Level 15 of the Dungeon
 25732 | D:15     | Found a sparkling altar of Nemelex Xobeh.
 25823 | D:15     | Gained mutation: Your flesh is cold resistant. [potion of beneficial mutation]
 25824 | D:15     | Gained mutation: You are agile. (Dex +2) [potion of beneficial mutation]
 25905 | D:15     | Found a snail-covered altar of Cheibriados.
 26029 | D:15     | Found a staircase to the Depths.
 26038 | D:15     | Received a gift from Okawaru
 26051 | Depths:1 | Entered Level 1 of the Depths
 26223 | Depths:2 | Found a gateway to Hell.
 26319 | Depths:1 | Noticed a lich
 26350 | Depths:1 | Killed a lich
 26449 | Depths:1 | Noticed a shadow dragon
 26967 | Snake:1  | Entered Level 1 of the Snake Pit
 27030 | Snake:1  | Reached skill level 18 in Axes
 27031 | Snake:1  | Reached XP level 16. HP: 55/152 MP: 27/27
 27327 | Snake:1  | Found Huhivigh's Antique Weapon Shop.
 27403 | Snake:1  | Received a gift from Okawaru
 29052 | Snake:2  | Noticed Aizul
 29496 | Snake:1  | Killed Aizul
 29720 | Snake:2  | Noticed Louise
 29755 | Snake:2  | Killed Louise
 29769 | Snake:2  | Received a gift from Okawaru
 29772 | Snake:2  | Got a pair of scorched boots {god gift}
 29823 | Snake:1  | Identified the +1 pair of boots "Deic" {Str+4 Stlth+} (Okawaru gifted it to you on level 2 of the Snake Pit)
 30306 | Snake:2  | Noticed Nikola
 30327 | Snake:2  | Killed Nikola
 30360 | Snake:2  | Reached skill level 19 in Invocations
 31083 | Snake:3  | Found a deep blue altar of Sif Muna.
 31493 | Snake:3  | Reached XP level 17. HP: 143/160 MP: 30/30
 31856 | Snake:4  | Entered Level 4 of the Snake Pit
 32413 | Snake:4  | Noticed Vashnia
 32425 | Snake:4  | HP: 4/162 [naga mage/halberd (11)]
 32427 | Snake:4  | Shot with a bolt of frost by a naga sharpshooter

Vault maps used:
D:1:      minmay_arrival_wavy_path
D:2:      uniq_iyjb
D:3:      nicolae_overflow_hidden_temple
D:4:      serial_shops, nicolae_shop_competitors_out_of_business, serial_curves,
          eino_curves_01, eino_curves_03
D:5:      first_bread, serial_shops, kennysheep_little_box, minivault_27
D:6:      minmay_temple_entry_poolview, gup_sewer_entry_bubbles,
          dk_yredelemnul_ordeal
D:7:      gammafunk_temple_overflow_forgotten, gammafunk_temple_overflow_statue,
          kennysheep_potato
D:8:      nicolae_gozag_seed_capital, david_lair_shrubbed, serial_shops,
          kennysheep_mini_moat, kennysheep_generic_room_13
D:9:      uniq_psyche, uniq_erolcha
D:10:     orc_david_3
D:12:     grunt_livestock, uniq_josephine
D:13:     lightli_vaults_fourway_checkpoint, serial_shops, kennysheep_mini,
          nooodl_orcs_dogs
D:14:     minmay_misc_feat_pillars
D:15:     grunt_enter_depths_snipers, minmay_misc_feat_square, basic_altar,
          grunt_ministairs_7, nemelex_diamond_rough_becter
Temple:   minmay_temple_forest_path_12
Lair:1:   grunt_forest_large_clearing_hut
Lair:2:   minmay_holes, beast_lair_carwin_2
Lair:3:   serial_bayou, serial_bayou_pond_a, serial_bayou_pond_d,
          serial_bayou_shore_a, serial_bayou_pond_c,
          cheibrodos_lair_caveside_slide
Lair:4:   lemuel_slime
Lair:5:   elwin_shoals_entry_rooms, guppyfry_snake_entry_island, serial_forest,
          infiniplex_forest_clump_C, infiniplex_forest_straight_4,
          infiniplex_forest_corner_1, infiniplex_forest_fountain,
          infiniplex_forest_clump_curved, infiniplex_forest_join,
          infiniplex_forest_end_3, infiniplex_forest_zigzag_1
Lair:7:   forest_paths, serial_bayou_shore_b, uniq_maud, uniq_rupert
Snake:1:  serial_shops, shop, spider_trap, uniq_aizul
Snake:2:  uniq_nikola, uniq_louise
Snake:3:  basic_altar
Snake:4:  grunt_snake_rune_serpentine_throne, serial_bayou_pond_b,
          lemuel_fruit_tree, uniq_vashnia
Orc:2:    nicolae_orc_lava_tube
Orc:3:    nicolae_orc_pool_cavern
Orc:4:    st_orc_ogre_mass, serial_shops, shop
Depths:1: minmay_misc_feat_columns, hell_entry, kennysheep_cross_bottleneck,
          hangedman_corner_corridor
Depths:2: grunt_runaround, hell_entry, abyss_entry
Depths:3: angbandy_vault, enter_ziggurat_f, hell_entry, rand_demon_pan_entry_4,
          grunt_decor_fettered, patterned_corridor
Sewer:    sewer_co_purgy_island

Action                   |  1- 3 |  4- 6 |  7- 9 | 10-12 | 13-15 | 16-18 || total
-------------------------+-------+-------+-------+-------+-------+-------++-------
Melee: War axe           |   120 |   258 |   490 |   911 |  1488 |   626 ||  3893
       Morningstar       |       |       |       |       |    17 |       ||    17
       Executioner's axe |       |       |       |       |    16 |       ||    16
 Fire: Blowgun           |       |       |    12 |    14 |     6 |       ||    32
Throw: Tomahawk          |       |       |       |     4 |       |       ||     4
       Javelin           |       |       |       |       |    17 |     1 ||    18
Invok: Heroism           |       |       |       |    11 |    13 |    10 ||    34
       Finesse           |       |       |       |     3 |     8 |     5 ||    16
 Abil: Evoke Invisibilit |       |       |       |     1 |       |       ||     1
Evoke: Wand              |       |       |     3 |     6 |     9 |     1 ||    19
       Lamp of fire      |       |       |       |       |     1 |       ||     1
  Use: Scroll            |     8 |     6 |     5 |    17 |    17 |    11 ||    64
       Potion            |       |     4 |     5 |     2 |    12 |     1 ||    24
 Stab: Invisible         |       |       |       |     1 |     8 |       ||     9
       Distracted        |       |       |       |       |       |     1 ||     1
       Fleeing           |       |       |       |       |       |     1 ||     1
  Eat: Chunk             |     1 |     9 |     6 |    27 |    35 |     5 ||    83
       Royal jelly       |       |       |     1 |       |     2 |     1 ||     4
       Bread ration      |       |       |     2 |     1 |     1 |       ||     4
       Pizza             |       |       |       |     1 |       |    10 ||    11
       Meat ration       |       |       |       |     1 |       |       ||     1
       Fruit             |       |       |       |     2 |     4 |       ||     6
       Beef jerky        |       |       |       |       |     7 |       ||     7
